 Dungeon Crawl Stone Soup version 0.31-a0-232-gb1c03b2570 (webtiles) character file.

Game seed: 16313789492484278385

112 qw the Shooter (level 4, -5/37 HPs)
             Began as a Minotaur Hexslinger on July 7, 2023.
             Slain by Natasha (9 damage)
             ... on level 2 of the Dungeon.
             The game lasted 00:00:39 (1555 turns).

qw the Shooter (Minotaur Hexslinger)                Turns: 1555, Time: 00:00:39

Health: -5/37      AC:  2    Str: 13    XL:     4   Next: 64%
Magic:  4/4        EV: 12    Int: 10    God:
Gold:   47         SH:  0    Dex: 14    Spells: 4/5 levels left

rFire   . . .        Y - +1 sling
rCold   . . .        (no shield)
rNeg    . . .        c - +0 robe
rPois   .            (helmet restricted)
rElec   .            (no cloak)
rCorr   .            (no gloves)
SInv    +            (no boots)
Will    .....        (no amulet)
Stlth   +            i - ring of see invisible
HPRegen 0.26/turn    (no ring)
MPRegen 0.09/turn

%: no passive effects
@: about to teleport
A: horns 2, retaliatory headbutt
a: no special abilities


You were on level 2 of the Dungeon.
You visited 1 branch of the dungeon, and saw 2 of its levels.

You collected 95 gold pieces.
You spent 48 gold pieces at shops.


Innate Abilities, Weirdness & Mutations

You have a pair of horns on your head.
You reflexively headbutt those who attack you in melee.


   Skills:
 + Level 2.3 Fighting
 - Level 5.1 Ranged Weapons
 - Level 2.1 Dodging
 - Level 1.0 Spellcasting
 - Level 2.0 Hexes


You had 4 spell levels left.
You knew the following spells:

 Your Spells              Type           Power      Damage    Failure   Level
a - Slow                  Hex            16%        N/A       16%         1

Your spell library contained the following spells:

 Spells                   Type           Power      Damage    Failure   Level
 Inner Flame              Hex/Fire       2%         N/A       56%         3
 Portal Projectile        Hex/Tloc       4%         N/A       56%         3
 Cause Fear               Hex            2%         N/A       83%         4

Inventory:

Hand Weapons
 Y - a +1 sling (weapon)
Armour
 c - a +0 robe (worn)
 g - a +0 pair of boots
Jewellery
 i - a ring of see invisible (left hand)
Scrolls
 f - 3 scrolls of identify
Potions
 b - a potion of lignification {unknown}
 d - a potion of haste {unknown}
 e - a potion of invisibility {unknown}
 h - 2 potions of enlightenment {unknown}

Dungeon Overview and Level Annotations

Branches:
Dungeon (2/15)

Altars:

Shops:
D:2 *

Annotations:
D:2 Natasha


Message History

Enter note:
Enter note:
There is a stone staircase leading down here.
As you open the door, it creaks loudly!
There is an open door here.
There is an open door here.
You see here a +0 dagger.
Natasha, Servant of Life and Death comes into view.
Enter note:
Enter note:
Enter note:
Enter note: You shoot a sling bullet.
The sling bullet barely misses Natasha.
Natasha hisses angrily.
Natasha closely misses you. You furiously retaliate!
You headbutt Natasha. You shoot a sling bullet.
The sling bullet completely misses Natasha.
Natasha misses you.
You shoot a sling bullet.
The sling bullet closely misses Natasha.
Natasha claws you!
You shoot a sling bullet.
The sling bullet closely misses Natasha.
Natasha claws you!
You shoot a sling bullet. The sling bullet barely misses Natasha.
Natasha extends her claws.
Natasha completely misses you. Natasha claws you.
You shoot a sling bullet.
The sling bullet closely misses Natasha.
Natasha claws you!
You shoot a sling bullet. The sling bullet barely misses Natasha.
Natasha claws you.
You shoot a sling bullet. The sling bullet barely misses Natasha.
Natasha casts a spell at you. The magic dart hits you.
1555 ||| READING scroll of teleportation.
As you read the scroll of teleportation, it crumbles to dust.
You feel strangely unstable. Natasha claws you!
You die...

#........##
#.........#
#..######.#
#..# #.#
#..# #.# #.
#.# #.# #.#
#@#
......h.#
##
#.##.####
#. .. #. ##
#. #. ##


You could see Natasha.

Vanquished Creatures
  Natasha (D:2)
  Robin (D:2)
  An adder (D:2)
  A worm (D:2)
  A dart slug (D:1)
  2 endoplasms
  A giant cockroach (D:1)
  9 hobgoblins
  3 jackals (D:1)
  2 quokkas
  4 ball pythons
  8 bats
  6 frilled lizards
  13 goblins
  2 kobolds
  3 rats
58 creatures vanquished.

Notes
Turn   | Place    | Note
-------+----------+-------------------------------------------
     0 | D:1      | qw the Minotaur Hexslinger began the quest for the Orb.
     0 | D:1      | Reached XP level 1. HP: 16/16 MP: 1/1
     0 | D:1      | 0 ||| qw: Version: 0.3-a-46-gb1f654a
     0 | D:1      | 0 ||| qw: Game counter: 2775
     0 | D:1      | 0 ||| qw: Melee chars always use a shield: true
     0 | D:1      | 0 ||| qw: God list: Okawaru
     0 | D:1      | 0 ||| qw: Allow faded altars: false
     0 | D:1      | 0 ||| qw: Do Orc after clearing Dungeon:15 true
     0 | D:1      | 0 ||| qw: Do second Lair branch before Depths: true
     0 | D:1      | 0 ||| qw: Lair rune preference: random
     0 | D:1      | 0 ||| qw: Goals: Normal
     0 | D:1      | 0 ||| PLANNING D:1-11
   125 | D:1      | Reached skill level 3 in Ranged Weapons
   125 | D:1      | Reached XP level 2. HP: 17/23 MP: 2/2
   206 | D:1      | 206 ||| FLEEEEING.
   587 | D:1      | Reached XP level 3. HP: 29/29 MP: 3/3
   775 | D:1      | 775 ||| UPGRADING to ring of see invisible.
   776 | D:1      | 776 ||| READING scroll labelled JEFOSHINEI.
   777 | D:1      | 777 ||| READING 2 scrolls labelled WASHIH PYTIT.
   778 | D:1      | 778 ||| READING 2 scrolls labelled KIJIMUL AFFASTICU.
   783 | D:1      | 783 ||| DROPPING scroll of poison.
   795 | D:2      | Noticed Robin
   795 | D:2      | Noticed Natasha
   796 | D:2      | 796 ||| Stepping ~*~*~tactically~*~*~ (outnumbered).
   797 | D:2      | 797 ||| Stepping ~*~*~tactically~*~*~ (outnumbered).
   798 | D:2      | 798 ||| Stepping ~*~*~tactically~*~*~ (outnumbered).
   800 | D:2      | 800 ||| Stepping ~*~*~tactically~*~*~ (outnumbered).
   802 | D:2      | Killed Natasha
   803 | D:2      | Reached skill level 4 in Ranged Weapons
   815 | D:2      | Reached XP level 4. HP: 25/36 MP: 4/4
   821 | D:2      | HP: 6/36 [Robin/+0 whip (5)]
   822 | D:2      | 822 ||| READING scroll of teleportation.
  1119 | D:2      | Found Atepli's Assorted Antiques.
  1140 | D:2      | Killed Robin
  1200 | D:2      | 1200 ||| SHOPLISTING cloak (121 gold, have 68).
  1200 | D:2      | 1200 ||| BUYING coppery potion (24 gold).
  1200 | D:2      | Bought a coppery potion for 24 gold pieces
  1200 | D:2      | 1200 ||| SHOPLISTING large diamond ring (135 gold, have
                  | 44).
  1200 | D:2      | 1200 ||| BUYING lumpy inky potion (24 gold).
  1200 | D:2      | Bought a lumpy inky potion for 24 gold pieces
  1200 | D:2      | 1200 ||| SHOPLISTING scroll labelled BEUSHY ELISE (27 gold,
                  | have 20).
  1200 | D:2      | 1200 ||| SHOPLISTING scroll labelled USHOTH BOREVEF (27
                  | gold, have 20).
  1200 | D:2      | 1200 ||| SHOPLISTING scroll of identify (54 gold, have 20).
  1263 | D:2      | Reached skill level 5 in Ranged Weapons
  1546 | D:2      | Noticed Natasha
  1554 | D:2      | HP: 4/37 [Natasha/magic dart (6)]
  1555 | D:2      | 1555 ||| READING scroll of teleportation.
  1555 | D:2      | Slain by Natasha

Levels and vault maps discovered:
D:1:      eino_arrival_water_star, layout_basic
D:2:      layout_basic, serial_shops, shop, nrook_mini_vaults, uniq_robin,
          uniq_natasha

Skill      XL: |  1  2  3  4 |
---------------+-------------+-----
Ranged Weapons | 3 4 5 |  5.1
Fighting       | 2 |  2.3
Dodging        | |  2.1
Spellcasting   | |  1.0
Hexes          | |  2.0

Action                     |  1- 3 |  4- 6 || total
---------------------------+-------+-------++-------
   Fire: Sling             |    73 |    90 ||   163
    Use: Scroll            |     3 |     2 ||     5
 Armour: Robe              |     9 |     7 ||    16
  Dodge: Dodged            |    30 |    33 ||    63

Table legend:
 A = Non-vault XP
 B = Vault XP
 C = Vault XP percentage of total XP
 D = Non-vault monster count
 E = Vault monster count
 F = Vault count percentage of total count
                 A         B        C        D         E       F
            +---------+---------+-------+---------+---------+-------
      Total |      90 |      71 |  44.1 |      46 |      12 |  20.7
            +---------+---------+-------+---------+---------+-------
        D:1 |      42 |       0 |   0.0 |      25 |       0 |   0.0
        D:2 |      48 |      71 |  59.7 |      21 |      12 |  36.4
            +---------+---------+-------+---------+---------+-------
